 Dungeon Crawl Stone Soup version 0.22-a0-3-g4fa69d9 (webtiles) character file.

72 Faca the Shield-Bearer (level 4, -2/37 HPs)
             Began as a Formicid Fighter on Jan 1, 2018.
             Slain by a gnoll
             ... wielding a +0 spear
              (5 damage)
             ... on level 2 of the Dungeon.
             The game lasted 00:01:58 (903 turns).

Faca the Shield-Bearer (Formicid Fighter)            Turns: 903, Time: 00:01:59

Health: -2/37      AC:  3    Str: 22    XL:     4   Next: 50%
Magic:  4/4        EV:  8    Int:  7    God:
Gold:   60         SH:  9    Dex: 10    Spells: 3/3 levels left

rFire    . . .     SeeInvis +   a - +0 war axe
rCold    . . .     Gourm    .   c - +0 shield
rNeg     . . .     Faith    .   b - +0 scale mail
rPois    .         Spirit   .   (helmet unavailable)
rElec    .         Reflect  .   (no cloak)
rCorr    .         Harm     .   (no gloves)
MR       .....                  (no boots)
Stlth    ..........             (no amulet)
HPRegen  0.12/turn              (no ring)
MPRegen  0.09/turn              (no ring)

@: no status effects
A: permanent stasis, dig shafts and tunnels, four strong arms, antennae 3,
blurry vision 1, deformed body, wild magic 1, sturdy frame 1
a: Dig, Shaft Self


You were on level 2 of the Dungeon.
You were not hungry.

You visited 1 branch of the dungeon, and saw 2 of its levels.

You collected 60 gold pieces.

Inventory:

Hand Weapons
 a - a +0 war axe (weapon)
Armour
 b - a +0 scale mail (worn)
 c - a +0 shield (worn)
Scrolls
 e - a scroll of remove curse
Potions
 d - a potion of might
Comestibles
 f - 4 rations


   Skills:
 + Level 3.9 Fighting
 + Level 2.9 Axes
 + Level 3.6 Armour
 + Level 4.5 Shields


You had 3 spell levels left.
You didn't know any spells.

Dungeon Overview and Level Annotations

Branches:
Dungeon (2/15)

Altars:


Innate Abilities, Weirdness & Mutations

You cannot be hasted, slowed, berserked, paralysed or teleported.
You can dig through walls and to a lower floor.
Your four strong arms can wield two-handed weapons with a shield.
You have a pair of large antennae on your head. (SInv)
Scrolls take you a little longer to read.
Armour fits poorly on your strangely shaped body.
Your spells are a little harder to cast, but a little more powerful.
Your movements are slightly less encumbered by armour. (ER -2)


Message History

You block the gnoll's attack.
You are too injured to fight recklessly!
You hit the gnoll but do no damage. The gnoll barely misses you.
The gnoll hits you with a whip.
* * * LOW HITPOINT WARNING * * *
You block the gnoll's attack.
You slash the gnoll!
You kill the gnoll!
The gnoll hits you from afar with a spear.
* * * LOW HITPOINT WARNING * * *
The gnoll hits you but does no damage.
You slash the gnoll!
The gnoll is severely wounded.
The gnoll hits you from afar with a spear.
* * * LOW HITPOINT WARNING * * *
You block the gnoll's attack.
You hit the gnoll.
The gnoll is almost dead.
The gnoll hits you from afar with a spear.
You die...

♣.♣
#...###...#≈#
♣♣.♣ #####
#...#≈# ♣..♣
#.<##.# ♣.♣♣
###..# .#
♣♣.♣ #....#
♣..♣ #..##.#
♣.♣♣ ...)#
#.# ♣.♣♣
#.### #)#
♣♣.♣ # #@#
♣.♣♣ #g# ♣..♣
#..g# ♣♣.♣
....... ♣♣.♣
...#....##
♣..♣
..(##....##
♣.♣♣ {..
...### ♣.♣ .
##. ♣ ♣.♣ $.


You could see 2 gnolls.

Vanquished Creatures
  A gnoll (D:2)
  An adder (D:2)
  An ooze (D:2)
  A worm (D:2)
  A dart slug (D:2)
  3 leopard geckos
  3 bats (D:1)
  4 giant cockroaches (D:1)
  4 goblins
  3 hobgoblins
  2 jackals (D:1)
  6 kobolds
  A ball python (D:1)
  2 frilled lizards (D:2)
  5 rats
38 creatures vanquished.

Notes
Turn   | Place    | Note
-------+----------+-------------------------------------------
     0 | D:1      | Faca the Formicid Fighter began the quest for the Orb.
     0 | D:1      | Reached XP level 1. HP: 18/18 MP: 1/1
   118 | D:1      | Reached XP level 2. HP: 24/24 MP: 2/2
   134 | D:1      | Reached skill level 4 in Shields
   190 | D:1      | Reached XP level 3. HP: 29/29 MP: 3/3
   468 | D:2      | Gained mutation: Your spells are a little harder to cast, but a little more powerful. [potion of mutation]
   468 | D:2      | Gained mutation: Scrolls take you a little longer to read. [potion of mutation]
   468 | D:2      | Gained mutation: Armour fits poorly on your strangely shaped body. [potion of mutation]
   468 | D:2      | Gained mutation: Your movements are slightly less encumbered by armour. (ER -2) [potion of mutation]
   634 | D:2      | Reached XP level 4. HP: 25/37 MP: 4/4
   903 | D:2      | Slain by a gnoll

Vault maps used:
D:1:      dpeg_arrival_houses_and_road
D:2:      kb_forest_paths, lemuel_doored_altar, corexii_corridor_pit,
          grunt_decor_cap, bh_walls_and_bars

Skill      XL: |  1  2 |
---------------+-------+-----
Shields        | 4 |  4.5
Fighting       | |  3.9
Axes           | |  2.9
Armour         | |  3.6

Action                   |  1- 3 |  4- 6 || total
-------------------------+-------+-------++-------
Melee: War axe           |    84 |    27 ||   111
  Use: Scroll            |     3 |     1 ||     4
       Potion            |     1 |       ||     1
Armor: Scale mail        |    28 |     3 ||    31
Dodge: Dodged            |    27 |     7 ||    34
Block: Shield            |    40 |    15 ||    55

Table legend:
 A = Spawn XP
 B = Non-spawn XP
 C = Spawn XP percentage of total XP
 D = Spawn monster count
 E = Non-spawn monster count
 F = Spawn count percentage of total count
 G = Total turns spent on level
                    A         B        C        D         E        F      G
               +---------+---------+-------+---------+---------+-------+---------
         Total |       0 |     104 |   0.0 |       0 |      38 |   0.0 |   903
               +---------+---------+-------+---------+---------+-------+---------
           D:1 |       0 |      45 |   0.0 |       0 |      24 |   0.0 |   444
           D:2 |       0 |      59 |   0.0 |       0 |      14 |   0.0 |   459
               +---------+---------+-------+---------+---------+-------+---------
